 Dungeon Crawl Stone Soup version 0.27-a0-1358-ga0a28fc8c3 (webtiles) character file.

Game seed: 2960419344251383569

88 Delamore the Sneak (level 4, -6/31 HPs)
             Began as an Octopode Brigand on June 28, 2021.
             Was an Initiate of Gozag.
             Killed by nerve-wracking pain
             ... invoked by Grinder
              (9 damage)
             ... on level 3 of the Dungeon.
             The game lasted 00:02:11 (1373 turns).

Delamore the Sneak (Octopode Brigand)               Turns: 1373, Time: 00:02:12

Health: -6/31      AC:  1    Str:  9 (10) XL:     4   Next: 53%
Magic:  4/4        EV: 12    Int: 11 (13) God:    Gozag
Gold:   60         SH:  0    Dex: 11 (14) Spells: 3/3 levels left

rFire    . . .     SeeInvis .   a - +2 dagger
rCold    . . .     Faith    .   (no shield)
rNeg     . . .     Spirit   .   (helmet restricted)
rPois    .         Reflect  .   (no amulet)
rElec    .         Harm     .   (no ring)
rCorr    .         Rampage  .   (no ring)
Will     .....                  (no ring)
Stlth    ++++......             (no ring)
HPRegen  0.10/turn              (no ring)
MPRegen  0.09/turn              (no ring)
                                (no ring)
                                (no ring)

@: no status effects
A: almost no armour, amphibious, 8 rings, camouflage 1, gelatinous body 1,
(nimble swimmer 1), tentacles
a: Renounce Religion, Potion Petition, Call Merchant, Bribe Branch


You were on level 3 of the Dungeon.
You worshipped Gozag.
Gozag was noncommittal.
You visited 1 branch of the dungeon, and saw 3 of its levels.

You collected 92 gold pieces.
You paid 32 gold pieces to Gozag.

Inventory:

Hand Weapons
 a - a +2 dagger (weapon)
 g - a +0 short sword of freezing
Scrolls
 d - 2 scrolls of noise {unknown}
 f - a scroll of acquirement {unknown}
 h - a scroll of identify {unknown}
Potions
 e - a potion of curing {unknown}
 i - 2 potions of degeneration


   Skills:
 + Level 3.1 Fighting
 + Level 3.0 Short Blades
 - Level 2.0 Throwing
 - Level 1.0 Dodging
 + Level 6.3 Stealth


You had 3 spell levels left.
You didn't know any spells.
Your spell library contained the following spells:

 Spells                   Type           Power      Damage    Failure   Level
 Confusing Touch          Hex            0%         N/A       71%         3
 Gell's Gravitas          Tloc           0%         N/A       71%         3
 Petrify                  Tmut/Erth      0%         N/A       98%         4
 Metabolic Englaciation   Hex/Ice        0%         N/A       100%        5
 Yara's Violent Unravell  Hex/Tmut       0%         3d3       100%        5


Dungeon Overview and Level Annotations

Branches:
Dungeon (3/15)

Altars:
Gozag
Ru

Shops:
D:1 (*[[(   D:2 (

Annotations:
D:3 Grinder


Innate Abilities, Weirdness & Mutations

You cannot wear most types of armour.
You are amphibious.
You can wear up to eight rings at the same time.
Your skin changes colour to match your surroundings (Stealth+).
Your rubbery body absorbs attacks. (AC +1, EV +1)
((You are camouflaged near water. (Stealth+)))
You have tentacles for arms and can constrict up to eight enemies at once.


Message History

Pain shoots through your body!
Throw: 4 darts (poison)
Press: ? - help, Q - select action, (/) - cycle Shift-Dir - straight line, f/p - Grinder
Aim: Grinder (moderately wounded, poisoned, 57% to hit)
You throw a poisoned dart. The poisoned dart hits Grinder.
Grinder looks even sicker.
Grinder is moderately wounded.
Throw: 3 darts (poison)
Press: ? - help, Q - select action, (/) - cycle Shift-Dir - straight line, f/p - Grinder
Aim: Grinder (moderately wounded, very poisoned, 57% to hit)
You throw a poisoned dart.
The poisoned dart barely misses Grinder.
Grinder gestures at you. You resist with significant effort.
Grinder blinks!
You start resting.
Grinder is nearby!
Throw: 2 darts (poison)
Press: ? - help, Q - select action, (/) - cycle Shift-Dir - straight line, f/p - Grinder
Aim: Grinder (severely wounded, 57% to hit)
You throw a poisoned dart.
The poisoned dart closely misses Grinder.
Grinder gestures at you.
You barely resist.
Throw: dart (poison)
Press: ? - help, Q - select action, (/) - cycle Shift-Dir - straight line, f/p - Grinder
Aim: Grinder (severely wounded, 57% to hit)
You throw a poisoned dart.
The poisoned dart closely misses Grinder.
Unknown command.
It was a potion of degeneration.
There was something very wrong with that liquid.
You feel weakened.
You feel dopey.
You feel clumsy. Grinder gestures at you. Pain shoots through your body!
* * * LOW HITPOINT WARNING * * *
Grinder gestures at you. Pain shoots through your body!
You die...
Your body crumbles into a pile of gold.

# ##...## #.#.# .# #
##.....## #.#.###.# #
#.......## #.#.....#
###.........###...)..#
..+.........'...)...#
###.........####....#####
# ##.......## #.)......#
##.....## #.##[###.#
##...## #@...# ##+#
#.#### #.######.
#........ #5####### ###
##...# #(.. #.._.# .....
#....# ...(..######..#.#


You could see Grinder.

Vanquished Creatures
  An orc priest (D:3)
  2 adders (D:2)
  A dart slug (D:1)
  2 orcs (D:3)
  3 endoplasms
  4 giant cockroaches (D:1)
  A hobgoblin (D:1)
  6 kobolds
  3 quokkas
  3 ball pythons (D:1)
  4 bats
  4 goblins
  2 rats (D:1)
36 creatures vanquished.

Notes
Turn   | Place    | Note
-------+----------+-------------------------------------------
     0 | D:1      | Delamore the Octopode Brigand began the quest for the Orb.
     0 | D:1      | Reached XP level 1. HP: 14/14 MP: 1/1
    90 | D:1      | Found Gyimak's Antique Armour Emporium.
   108 | D:1      | Found Peruynis's Antique Armour Emporium.
   115 | D:1      | Found Hosofay's Weapon Emporium.
   123 | D:1      | Reached XP level 2. HP: 19/19 MP: 2/2
   356 | D:1      | Found Edawketa's General Store.
   356 | D:1      | Found Poqu's Antique Weapon Emporium.
   587 | D:1      | Reached XP level 3. HP: 25/25 MP: 3/3
   704 | D:2      | Reached skill level 6 in Stealth
   779 | D:2      | Found a sacrificial altar of Ru.
  1058 | D:2      | Found Uwunetio's Antique Weapon Emporium.
  1288 | D:3      | Reached XP level 4. HP: 31/31 MP: 4/4
  1296 | D:3      | Found an opulent altar of Gozag.
  1322 | D:3      | Noticed Grinder
  1327 | D:3      | Became a worshipper of Gozag Ym Sagoz the Greedy
  1373 | D:3      | Killed from afar by Grinder

Illustrated notes

Levels and vault maps discovered:
D:1:      psy_arrival_terrarium, layout_basic, serial_shops,
          nicolae_shop_crystal, shop, shop, shop, nicolae_shop_stone,
          minmay_worlds_worst_comb
D:2:      layout_rooms, serial_shops, nicolae_diamond_shop, basic_altar,
          amcnicky_mini_pool_small, minmay_misc_feat_roman, st_stairs_13
D:3:      minmay_spotlight, layout_loops_corners, marbit_many_paths,
          nicolae_gozag_seed_capital, gammafunk_temple_overflow_forgotten,
          shapermc_ecumenical_altar_totnotflames, uniq_grinder

Skill      XL: |  1  2  3 |
---------------+----------+-----
Stealth        | 6 |  6.3
Fighting       | 3 |  3.1
Short Blades   | 3 |  3.0
Throwing       | |  2.0
Dodging        | |  1.0

Action                   |  1- 3 |  4- 6 || total
-------------------------+-------+-------++-------
Melee: Dagger            |    69 |     6 ||    75
       Constrict         |     9 |     1 ||    10
       Tentacles         |     5 |       ||     5
Throw: Dart              |       |    10 ||    10
  Use: Potion            |       |     1 ||     1
 Stab: Sleeping          |    14 |     2 ||    16
Armor: Skin              |     8 |       ||     8
Dodge: Dodged            |    36 |       ||    36

Table legend: (Time is in decaauts)
 A = Elapsed time spent in this place.
 B = Non-inter-level travel time spent in this place.
 C = Inter-level travel time spent in this place.
 D = Time resting spent in this place.
 E = Time spent auto-exploring this place.
 F = Levels seen in this place.
 G = Mean time per level.
                   A        B        C        D        E       F      G
               +--------+--------+--------+--------+--------+-----+--------+
         Total |   1361 |   1344 |     17 |      6 |   1085 |   3 |  453.7 |
       Dungeon |   1361 |   1344 |     17 |      6 |   1085 |   3 |  453.7 |
               +--------+--------+--------+--------+--------+-----+--------+

Top non-repeatable levels by time:
     D:1: 659 daAuts
     D:2: 560 daAuts
     D:3: 141 daAuts
